Map: Odyssey LE

Players

SCULLY

  • Race: Protoss Protoss
  • League: Gold
  • Spawn Location: 11:00

Juxtapose - Winner!

  • Race: Protoss Protoss
  • League: Gold
  • Spawn Location: 5:00

VOD

https://youtu.be/B7LK-s5HYQc

Description

Now this was a much better game. I was pleased with the way I expanded, managed my forces, and had my resources and upgrades coming.

Departing from my usual Oracle harass, I decided to try a more traditional game and focus more on basics, and it seems to have paid off.

Time

  • Played on: Nov. 2, 2017, 7:26 p.m.
  • Length: 15:30
Show
View Real Time Build Order
Export as new Build Order

SCULLY Protoss 

Build Orders: Nexus First 

Get SALT Encoding   

  12  0:01  Probe (Chrono Boost)  
  13  0:11  Probe (Chrono Boost)  
  14  0:20  Pylon  
  14  0:22  Probe (Chrono Boost)  
  15  0:38  Probe (Chrono Boost)  
  16  0:48  Probe (Chrono Boost)  
  17  1:00  Nexus  
  18  1:04  Probe (Chrono Boost)  
  18  1:15  Probe (Chrono Boost)  
  19  1:19  Gateway  
  19  1:25  Probe (Chrono Boost)  
  20  1:35  Assimilator  
  20  1:36  Probe (Chrono Boost)  
  20  1:38  Assimilator  
  20  1:39  Pylon  
  21  1:46  Probe (Chrono Boost)  
  22  2:02  Probe (Chrono Boost)  
  22  2:12  Cybernetics Core  
  22  2:18  Gateway x2  
  22  2:22  Probe x2 (Chrono Boost)  
  24  2:32  Probe (Chrono Boost)  
  24  2:33  Probe (Chrono Boost)  
  24  2:36  Pylon  
  26  2:43  Probe x2 (Chrono Boost)  
  28  2:50  Warp Gate (Chrono Boost)  
  28  2:52  Probe  
  28  2:53  Probe  
  28  2:54  Adept  
  32  3:02  Mothership Core  
  34  3:07  Stalker  
  34  3:11  Stalker  
  38  3:20  Probe  
  38  3:21  Adept, Probe  
  42  3:32  Probe x2  
  44  3:42  Probe, Robotics Facility  
  44  3:44  Probe  
  44  3:47  Pylon  
  46  3:53  Probe  
  46  3:54  Stalker  
  49  3:56  Adept, Probe  
  52  4:03  Probe  
  53  4:11  Probe  
  53  4:14  Probe  
  55  4:17  Assimilator  
  55  4:19  Assimilator  
  55  4:23  Probe  
  56  4:25  Probe  
  56  4:30  Observer (Chrono Boost)  
  58  4:35  Probe  
  58  4:36  Probe  
  60  4:46  Probe  
  60  4:48  Probe  
  62  4:54  Pylon  
  62  5:07  Nexus  
  62  5:10  Pylon  
  62  5:11  Probe  
  62  5:12  Pylon, Probe  
  62  5:13  Observer (Chrono Boost)  
  65  5:14  Pylon  
  65  5:15  Pylon  
  65  5:16  Pylon  
  65  5:18  Pylon  
  65  5:21  Probe  
  65  5:22  Pylon  
  65  5:24  Probe  
  65  5:26  Robotics Facility  
  67  5:31  Warp Prism (Chrono Boost)  
  67  5:32  Probe  
  70  5:36  Probe  
  70  5:42  Probe  
  71  5:43  Stalker x2  
  71  5:44  Stalker  
  71  5:48  Probe  
  79  5:53  Probe  
  80  6:00  Probe  
  80  6:03  Probe  
  80  6:04  Immortal (Chrono Boost)  
  86  6:20  Forge  
  86  6:25  Forge  
  86  6:26  Twilight Council  
  86  6:33  Gateway x2  
  86  6:34  Gateway  
  86  6:35  Gateway  
  86  6:37  Gateway  
  86  6:45  Gateway  
  86  6:46  Gateway  
  86  6:48  Gateway  
  86  6:50  Gateway  
  86  6:52  Gateway, Immortal (Chrono Boost)  
  90  6:58  Protoss Ground Weapons Level 1  
  90  7:00  Protoss Ground Armor Level 1  
  94  7:03  Immortal (Chrono Boost)  
  94  7:04  Templar Archives  
  94  7:11  Probe  
  94  7:12  Probe, Robotics Bay  
  94  7:13  Probe  
  97  7:21  Assimilator  
  97  7:22  Probe  
  97  7:25  Probe, Assimilator  
  97  7:28  Probe  
  100  7:32  Stalker x3, Probe  
  107  7:37  Probe  
  107  7:38  Probe  
  109  8:10  Nexus  
  109  8:13  Pylon  
  109  8:15  Pylon  
  109  8:17  Pylon  
  109  8:20  Pylon  
  109  8:22  Gateway  
  109  8:24  Gateway  
  109  8:25  Gateway  
  109  8:27  Extended Thermal Lance  
  109  8:30  Colossus (Chrono Boost)  
  121  8:38  Colossus (Chrono Boost)  
  121  8:44  Probe x2  
  121  8:45  Probe  
  124  8:55  Probe  
  123  8:57  Probe  
  103  9:13  Stalker  
  103  9:14  Stalker x4  
  103  9:15  Stalker x5  
  103  9:16  Stalker x2  
  105  9:28  Probe x3  
  105  9:29  Probe  
  83  9:39  Stalker  
  83  9:40  Stalker x4  
  83  9:41  Stalker x3  
  83  9:42  Stalker x2  
  83  9:43  Stalker x2  
  90  10:05  Stalker  
  90  10:06  Stalker x5  
  90  10:07  Stalker x2  
  92  10:17  Immortal (Chrono Boost)  
  91  10:31  Stalker x5  
  100  10:52  Stalker x4  
  100  10:53  Stalker x2  
  88  11:06  Stalker x2  
  88  11:07  Stalker x2  
  88  11:08  Stalker  
  84  11:12  Mothership Core  
  76  11:25  Stalker x2  
  76  11:26  Stalker x2  
  76  11:29  High Templar x3  
  76  11:31  High Templar  
  89  11:33  Archon  
  89  11:35  Archon  
  72  11:59  High Templar  
  72  12:00  High Templar  
  76  12:04  Immortal (Chrono Boost)  
  76  12:05  Archon  
  78  12:08  Zealot  
  78  12:09  Zealot x4  
  76  12:32  Zealot  
  76  12:33  Zealot x3  
  66  13:06  Nexus  
  66  13:12  Probe  
  66  13:13  Probe  
  68  13:22  Probe  
  68  13:25  Probe  
  70  13:33  Probe  
  71  13:45  Probe  
  71  13:46  Probe  
  73  13:56  Probe  
  73  13:59  Probe  
  73  14:01  High Templar x2  
  73  14:02  High Templar x2  
  83  14:05  Archon x2  
  83  14:11  Probe  
  83  14:16  Probe  
  83  14:17  Probe  
  82  14:23  Probe  
  85  14:27  Probe  
  85  14:30  Stalker  
  85  14:31  Stalker  
  52  14:51  High Templar x2  
  52  14:52  High Templar x4  
  44  14:55  Archon  
  44  14:56  Archon x2  
Show
View Real Time Build Order
Export as new Build Order

Juxtapose Protoss - Winner!

Build Orders:  

Get SALT Encoding   

  12  0:01  Probe (Chrono Boost)  
  13  0:12  Probe (Chrono Boost)  
  14  0:19  Pylon  
  14  0:22  Probe (Chrono Boost)  
  15  0:37  Probe (Chrono Boost)  
  15  0:39  Gateway  
  16  0:47  Assimilator  
  16  0:48  Probe (Chrono Boost)  
  17  0:58  Assimilator  
  17  0:59  Probe (Chrono Boost)  
  18  1:10  Probe (Chrono Boost)  
  19  1:21  Probe (Chrono Boost)  
  20  1:28  Zealot  
  20  1:31  Probe (Chrono Boost)  
  23  1:43  Cybernetics Core  
  23  1:51  Pylon  
  23  2:15  Nexus  
  23  2:19  Probe (Chrono Boost)  
  24  2:29  Probe (Chrono Boost)  
  25  2:31  Pylon  
  25  2:39  Warp Gate  
  25  2:40  Probe (Chrono Boost)  
  26  2:51  Mothership Core (Chrono Boost)  
  28  2:55  Pylon  
  28  3:07  Gateway  
  28  3:28  Probe x2 (Chrono Boost)  
  28  3:31  Pylon  
  30  3:34  Pylon  
  30  3:38  Pylon  
  30  3:39  Probe x2 (Chrono Boost)  
  32  3:46  Twilight Council  
  32  3:49  Probe (Chrono Boost)  
  32  3:51  Probe (Chrono Boost)  
  34  4:00  Probe (Chrono Boost)  
  34  4:02  Probe (Chrono Boost)  
  36  4:07  Forge  
  36  4:13  Pylon  
  36  4:16  Probe x2 (Chrono Boost)  
  38  4:27  Probe x2 (Chrono Boost)  
  40  4:31  Robotics Facility  
  40  4:37  Probe x2 (Chrono Boost)  
  42  4:48  Probe x2 (Chrono Boost)  
  42  4:49  Pylon  
  42  4:52  Gateway  
  44  4:57  Assimilator  
  44  4:58  Probe x2 (Chrono Boost)  
  44  4:59  Assimilator  
  46  5:01  Photon Cannon  
  46  5:08  Photon Cannon  
  46  5:11  Probe x2 (Chrono Boost)  
  48  5:18  Blink  
  48  5:20  Observer  
  49  5:32  Probe (Chrono Boost)  
  50  5:35  Stalker  
  50  5:36  Stalker  
  50  5:42  Protoss Ground Weapons Level 1 (Chrono Boost)  
  54  5:43  Immortal  
  58  5:55  Stalker  
  60  6:17  Immortal  
  60  6:23  Nexus  
  60  6:24  Pylon  
  64  6:26  Stalker  
  64  6:27  Stalker x2, Pylon  
  64  6:32  Pylon  
  70  6:51  Warp Prism  
  70  6:54  Stalker  
  70  6:56  Stalker x2  
  78  7:17  Robotics Bay  
  78  7:18  Photon Cannon  
  78  7:22  Immortal  
  78  7:25  Stalker  
  78  7:27  Protoss Ground Armor Level 1 (Chrono Boost)  
  78  7:28  Stalker  
  86  7:33  Stalker  
  88  7:56  Immortal  
  88  7:57  Probe  
  89  8:01  Probe x2  
  95  8:06  Stalker x2  
  95  8:07  Probe  
  100  8:13  Probe x2  
  100  8:18  Probe  
  103  8:28  Probe  
  103  8:30  Immortal  
  103  8:34  Gateway  
  103  8:41  Stalker  
  109  8:42  Stalker x2  
  109  8:45  Probe  
  109  8:46  Probe x2  
  116  8:58  Probe x2  
  108  9:05  Stalker x2  
  108  9:06  Stalker, Protoss Ground Weapons Level 2 (Chrono Boost)  
  102  9:10  Immortal  
  96  9:31  Stalker x2  
  90  9:32  Stalker  
  92  9:44  Immortal  
  92  9:52  Stalker  
  98  9:55  Stalker x3  
  92  10:12  Assimilator  
  92  10:15  Stalker  
  92  10:16  Assimilator  
  92  10:18  Stalker  
  92  10:19  Stalker  
  92  10:20  Stalker  
  98  10:38  Immortal  
  100  10:56  Stalker x3  
  100  10:57  Stalker  
  90  11:12  Immortal  
  90  11:16  Stalker x2  
  98  11:22  Stalker x2  
  98  11:27  Probe  
  98  11:29  Protoss Ground Armor Level 2 (Chrono Boost)  
  99  11:38  Probe  
  100  11:46  Immortal  
  100  11:47  Stalker  
  100  11:48  Stalker x3  
  100  11:52  Nexus  
  112  11:55  Pylon  
  112  11:58  Pylon  
  112  12:00  Robotics Facility  
  112  12:08  Gateway  
  112  12:09  Gateway  
  112  12:11  Gateway  
  112  12:14  Stalker x4  
  120  12:20  Immortal  
  100  12:32  Stalker  
  100  12:33  Stalker x3  
  72  12:55  Immortal  
  70  12:59  Photon Cannon  
  70  13:02  Photon Cannon  
  70  13:05  Stalker x4  
  82  13:14  Extended Thermal Lance  
  82  13:17  Observer  
  83  13:22  Stalker x2  
  87  13:28  Probe  
  87  13:29  Immortal  
  92  13:37  Assimilator  
  92  13:38  Observer, Probe  
  94  13:42  Stalker x4  
  102  13:49  Probe  
  103  13:59  Mothership Core  
  103  14:00  Immortal  
  109  14:03  Immortal  
  113  14:18  Nexus  
  113  14:20  Stalker x2  
  113  14:21  Stalker x2  
  121  14:25  Zealot  
  121  14:26  Zealot x2  
  117  14:37  Immortal  
  110  14:39  Immortal  
  116  14:49  Assimilator  
  116  14:52  Assimilator  
  114  14:53  Stalker  
  114  14:55  Zealot x4  
  114  14:56  Zealot x2, Pylon  
  114  14:58  Pylon  
  126  15:02  Pylon  
  126  15:07  Probe  
  125  15:15  Zealot x3  
  125  15:16  Zealot x2  
  125  15:17  Zealot  
  125  15:18  Probe  
Tags
 
League
GoldGold
Matchup
PvP
Spawn Locations
Cross Positions
Add a new tag
Caveats
  • Supply blocks, unpowered buildings, or Contaminate may cause inaccurate times.
  • Supply counts are checked every 10 seconds.